Map: Orbital Shipyard

Players

Maikeru - Winner!

  • Race: Protoss Protoss
  • League: Silver

lesha

  • Race: Terran Terran
  • League: Silver

VOD

Have the link to the VOD?

Description

Time

  • Played on: Dec. 10, 2015, 9:49 a.m.
  • Length: 8:40
Show
View Real Time Build Order
Export as new Build Order

Maikeru Protoss - Winner!

Build Orders: Oracle Opening 

Get SALT Encoding   

  12  0:01  Probe (Chrono Boost)  
  13  0:12  Probe (Chrono Boost)  
  14  0:18  Pylon  
  14  0:22  Probe (Chrono Boost)  
  15  0:36  Probe (Chrono Boost)  
  15  0:39  Gateway  
  16  0:47  Probe (Chrono Boost)  
  17  0:50  Assimilator  
  17  0:58  Probe (Chrono Boost)  
  18  1:13  Probe (Chrono Boost)  
  19  1:24  Pylon  
  19  1:26  Probe (Chrono Boost)  
  19  1:29  Cybernetics Core  
  20  1:35  Assimilator  
  20  1:38  Probe (Chrono Boost)  
  21  1:58  Probe (Chrono Boost)  
  22  2:07  Nexus  
  22  2:14  Probe (Chrono Boost), Stargate  
  23  2:18  Warp Gate  
  23  2:27  Stalker  
  25  2:30  Probe (Chrono Boost)  
  26  2:41  Probe (Chrono Boost)  
  27  2:51  Probe (Chrono Boost)  
  27  2:56  Pylon  
  27  2:57  Oracle (Chrono Boost)  
  31  3:14  Stalker, Probe (Chrono Boost)  
  31  3:17  Probe  
  35  3:26  Probe  
  36  3:28  Probe  
  37  3:38  Probe (Chrono Boost)  
  37  3:40  Gateway  
  38  3:42  Gateway  
  38  3:49  Void Ray  
  38  3:54  Probe (Chrono Boost)  
  38  3:55  Probe (Chrono Boost)  
  44  4:02  Stalker  
  46  4:18  Probe x2 (Chrono Boost)  
  48  4:29  Probe x2 (Chrono Boost)  
  50  4:36  Void Ray (Chrono Boost)  
  54  4:43  Robotics Facility  
  54  4:47  Pylon  
  54  4:49  Pylon  
  54  4:54  Assimilator  
  54  4:59  Assimilator  
  54  5:01  Forge  
  54  5:04  Probe  
  54  5:05  Probe  
  56  5:14  Probe  
  56  5:17  Probe  
  58  5:22  Zealot x3  
  58  5:25  Probe  
  58  5:28  Void Ray (Chrono Boost)  
  69  5:29  Probe  
  70  5:42  Twilight Council  
  70  5:44  Pylon  
  70  5:47  Pylon  
  70  5:50  Pylon  
  70  6:00  Probe  
  70  6:02  Probe, Observer  
  73  6:11  Probe  
  73  6:14  Probe  
  73  6:16  Protoss Ground Weapons Level 1  
  73  6:18  Void Ray (Chrono Boost)  
  79  6:19  Zealot x3  
  79  6:21  Probe  
  86  6:32  Charge (Chrono Boost)  
  86  6:35  Nexus  
  86  6:41  Pylon  
  86  6:42  Probe  
  86  6:45  Pylon  
  87  6:57  Void Ray (Chrono Boost)  
  91  7:03  Gateway  
  91  7:04  Gateway  
  91  7:07  Gateway  
  91  7:13  Photon Cannon  
  91  7:18  Photon Cannon  
  91  7:25  Zealot x2  
  95  7:33  Void Ray  
  95  7:35  Stalker  
  101  7:48  Probe  
  102  7:53  Probe  
  102  7:54  Probe  
  104  8:00  Probe  
  105  8:09  Probe  
  105  8:10  Probe  
  105  8:12  Stalker x4  
  113  8:13  Stalker  
  107  8:40  Zealot x2  
Show
View Real Time Build Order
Export as new Build Order

lesha Terran 

Build Orders:  

Get SALT Encoding   

  12  0:01  SCV  
  13  0:13  SCV  
  14  0:19  Supply Depot  
  14  0:25  SCV  
  15  0:40  SCV  
  15  0:42  Barracks  
  16  0:53  SCV  
  17  1:05  SCV  
  18  1:17  SCV  
  19  1:32  Command Center  
  20  1:37  Orbital Command  
  19  1:48  Supply Depot  
  19  1:55  Refinery  
  19  2:03  SCV  
  19  2:08  Marine  
  21  2:28  Refinery  
  21  2:36  Marine  
  22  2:48  Barracks  
  22  2:52  SCV  
  22  2:53  Orbital Command  
  22  2:54  Barracks, Marine  
  24  3:04  SCV  
  25  3:09  Factory  
  25  3:24  SCV  
  25  3:25  SCV  
  27  3:31  Marine  
  28  3:37  SCV x2  
  28  3:40  Supply Depot  
  30  3:41  Supply Depot  
  30  3:42  Supply Depot  
  30  3:49  SCV x2  
  30  3:55  Barracks Tech Lab, Refinery  
  32  3:56  Barracks Reactor  
  32  4:01  SCV  
  32  4:02  Factory Tech Lab  
  33  4:03  Marine  
  30  4:17  Factory  
  27  4:39  SCV x2  
  27  4:43  Marine x2  
  31  4:51  SCV x2  
  31  4:52  Marine x2  
  35  4:58  Siege Tank  
  38  5:03  SCV x2  
  40  5:08  Starport  
  40  5:15  SCV x2  
  42  5:27  SCV  
  42  5:28  SCV  
  44  5:29  Engineering Bay  
  44  5:30  Engineering Bay  
  44  5:31  Marine x2  
  46  5:39  SCV  
  46  5:40  SCV, Barracks Reactor  
  46  5:42  Factory Tech Lab  
  48  5:45  Siege Tank  
  44  6:12  Stimpack, Marine  
  44  6:13  Marine x2  
  44  6:15  SCV  
  44  6:16  SCV  
  49  6:21  Refinery  
  49  6:28  SCV x2  
  49  6:30  Missile Turret  
  51  6:35  Marine x3  
  51  6:36  Marauder  
  51  6:37  Marine  
  57  6:40  SCV x2  
  57  6:42  Missile Turret  
  57  6:43  Starport Reactor  
  59  6:50  Supply Depot  
  59  6:52  SCV, Marine  
  59  6:53  Marine x2  
  63  6:54  Missile Turret  
  63  6:55  Supply Depot, Marine  
  63  6:57  Marauder  
  66  7:06  SCV x2  
  68  7:10  Marine  
  69  7:18  SCV x2  
  71  7:26  Marine x4  
  71  7:29  Marine  
  76  7:39  SCV x2  
  76  7:43  Marine  
  76  7:44  Marauder, Marine  
  82  7:51  SCV x2  
  84  8:06  Marauder  
  86  8:14  Command Center  
  86  8:23  Supply Depot x2  
Tags
 
Add a new tag
Caveats
  • Supply blocks, unpowered buildings, or Contaminate may cause inaccurate times.
  • Supply counts are checked every 10 seconds.